 Dungeon Crawl Stone Soup version 0.31-a0-949-g57150269e1 (webtiles) character file.

Game seed: 10400170946221644676

30 Kurtz the Sneak (level 3, 0/29 HPs)
             Began as a Mummy Delver on Oct 22, 2023.
             Slain by a gnoll sergeant
             ... wielding a +0 spear
              (3 damage)
             ... on level 5 of the Dungeon.
             The game lasted 00:00:07 (25 turns).

Kurtz the Sneak (Mummy Delver)                        Turns: 25, Time: 00:00:07

Health: 0/29       AC:  3    Str: 17    XL:     3   Next: 3%
Magic:  3/3        EV: 11    Int:  9    God:
Gold:   0          SH:  0    Dex: 13    Spells: 2/2 levels left

rFire   x . .        a - +0 hand axe
rCold   + . .        (no shield)
rNeg    + + +        b - +0 leather armour
rPois   ∞            (no helmet)
rElec   .            (no cloak)
rCorr   .            (no gloves)
SInv    .            (no boots)
Will    .....        (no amulet)
Stlth   ++           (no ring)
HPRegen 0.24/turn    (no ring)
MPRegen 0.08/turn

%: faith
@: no status effects
A: cold resistance 1, negative energy resistance 3, torment resistance 2, heat
vulnerability 1, in touch with death 1, no potions, faith
a: no special abilities


You were on level 5 of the Dungeon.
You visited 1 branch of the dungeon, and saw 1 of its levels.

Inventory:

Hand Weapons
 a - a +0 hand axe (weapon)
Armour
 b - a +0 leather armour (worn)
Wands
 f - a wand of digging (3)
Scrolls
 c - a scroll of fog
 d - a scroll of revelation
 e - a scroll of fear
 g - a scroll of identify {unknown}


   Skills:
 - Level 3.0 Fighting
 * Level 2.9 Axes
 - Level 1.5 Dodging
 - Level 4.1 Stealth


You had 2 spell levels left.
You didn't know any spells.
Your spell library was empty.

Dungeon Overview and Level Annotations

Branches:
Dungeon (5/15)
 Temple: D:4-7

Altars:


Innate Abilities, Weirdness & Mutations

You are immune to poison.
Your flesh is cold resistant. (rC+)
You are immune to negative energy. (rN+++)
You are immune to unholy pain and torment.
You are vulnerable to heat. (rF-)
You are in touch with the powers of death.
You do not drink.
You have a special connection with the divine. (Faith)


Message History

The hound is moderately wounded.
The hound barely misses you. The hound closely misses you.
You closely miss the hound.
The hound is moderately wounded.
The hound barely misses you. The hound closely misses you.
You closely miss the hound.
The hound is moderately wounded.
The hound stops to sniff the ground.
The hound bites you. The hound misses you.
You hit the hound.
The hound is heavily wounded.
The hound barely misses you. The hound closely misses you.
You hit the hound.
The hound is almost dead.
The hound bites you.
A gnoll comes into view. It is wielding a +0 spear of venom.
You closely miss the hound.
The hound is almost dead.
The gnoll shouts!
You hear a shout! x2
The hound bites you. x2
The gnoll sergeant hits you from afar with a +0 spear!
A gnoll comes into view. It is wielding a +0 club.
A gnoll comes into view. It is wielding a +0 spear.
You are too injured to fight recklessly!
You hit the hound.
You kill the hound!
The gnoll sergeant barely misses you.
Your Axes skill increases to level 2!
You have reached level 2!
You have reached level 3!
Your experience leads to an increase in your attributes!
Increase (S)trength, (I)ntelligence, or (D)exterity?
You feel stronger. x2
There are monsters nearby!
The gnoll sergeant attacks as it pursues you!
The gnoll sergeant hits you from afar with a +0 spear!
* * * LOW HITPOINT WARNING * * *
The gnoll sergeant attacks as it pursues you!
The gnoll sergeant hits you from afar with a +0 spear.
You die...

... #.. ..# .. ####.#
..# ###.. #.#..###.#
...... #.....##.#
...... ##
#.....##.##....g.
...##.....##......##
..........##.gg....#.
####..@.g..g.g.....#
#>.#...###........#
#.....## #.........
#....####.#
#......... #....#
............. #.....
..##......... .......
.####........
........ .# #........
.#.......


You could see a gnoll sergeant and 4 gnolls.

Vanquished Creatures
  A hound (D:5)
1 creature vanquished.

Notes
Turn   | Place    | Note
-------+----------+-------------------------------------------
     0 | D:5      | Kurtz the Mummy Delver began the quest for the Orb.
     0 | D:5      | Reached XP level 1. HP: 18/18 MP: 1/1
     9 | D:5      | Noticed a hound
    15 | D:5      | Noticed a gnoll sergeant
    21 | D:5      | Killed a hound
    22 | D:5      | Reached XP level 2. HP: 8/24 MP: 2/2
    22 | D:5      | Reached XP level 3. HP: 10/29 MP: 3/3
    25 | D:5      | Slain by a gnoll sergeant

Illustrated notes

Levels and vault maps discovered:
D:5:      layout_cave_pools, minmay_temple_entry_glassed_door, serial_shops,
          nicolae_shop_rolled_up

Skill      XL: |  1 |
---------------+----+-----
Axes           | 2 |  2.9
Fighting       | |  3.0
Dodging        | |  1.5
Stealth        | |  4.1

Action                     || total
---------------------------++-------
  Melee: Hand axe          ||     7
 Armour: Leather armour    ||     7
  Dodge: Dodged            ||     9

Table legend: (Time is in decaauts)
 A = Elapsed time spent in this place.
 B = Non-inter-level travel time spent in this place.
 C = Inter-level travel time spent in this place.
 D = Time resting spent in this place.
 E = Time spent auto-exploring this place.
 F = Levels seen in this place.
 G = Mean time per level.
                   A        B        C        D        E       F      G
               +--------+--------+--------+--------+--------+-----+--------+
         Total |     26 |     26 |      0 |      0 |      7 |   1 |   26.0 |
       Dungeon |     26 |     26 |      0 |      0 |      7 |   1 |   26.0 |
               +--------+--------+--------+--------+--------+-----+--------+

Top non-repeatable levels by time:
     D:5: 26 daAuts
